 Dungeon Crawl Stone Soup version 0.27-a0-1502-g47ed6a6988 (webtiles) character file.

Game seed: 9458574392469596912

225 Mesmaeker13 the Firebug (level 5, -3/38 HPs)
             Began as a Draconian Fire Elementalist on July 9, 2021.
             Slain by an ogre (23 damage)
             ... on level 4 of the Dungeon.
             The game lasted 00:05:07 (3759 turns).

Mesmaeker13 the Firebug (DrFE)                      Turns: 3759, Time: 00:05:08

Health: -3/38      AC:  6    Str: 10    XL:     5   Next: 68%
Magic:  6/9        EV: 12    Int: 16    God:
Gold:   86         SH:  0    Dex: 12    Spells: 6/10 levels left

rFire    . . .     SeeInvis .   a - +2 dagger (venom)
rCold    . . .     Faith    .   (no shield)
rNeg     . . .     Spirit   .   (armour unavailable)
rPois    +         Reflect  .   (helmet restricted)
rElec    .         Harm     .   o - +0 cloak
rCorr    .         Rampage  .   (no gloves)
Will     +....                  (no boots)
Stlth    ++........             p - amulet of magic regeneration
HPRegen  0.12/turn              d - ring of willpower
MPRegen  0.36/turn              j - ring of poison resistance

@: no status effects
A: AC +5, unfitting armour, cold-blooded
a: no special abilities


You were on level 4 of the Dungeon.
You visited 1 branch of the dungeon, and saw 4 of its levels.

You collected 86 gold pieces.

Inventory:

Hand Weapons
 a - a +2 dagger of venom (weapon)
 k - a +0 hand axe of flaming
Missiles
 f - 12 poisoned darts
Armour
 o - a +0 cloak (worn)
 r - a +0 kite shield
Jewellery
 b - an amulet of faith
 c - an amulet of the acrobat
 d - a ring of willpower (left hand)
 j - a ring of poison resistance (right hand)
 p - an amulet of magic regeneration (around neck)
Scrolls
 m - a scroll of immolation
 n - a scroll of fog {unknown}
 q - a scroll of teleportation {unknown}
Potions
 e - a potion of brilliance {unknown}
 g - a potion of curing
 h - a potion of cancellation {unknown}
 i - a potion of attraction {unknown}
 l - a potion of mutation {unknown}


   Skills:
 + Level 3.1 Dodging
 - Level 1.7 Stealth
 + Level 3.2 Spellcasting
 + Level 2.9 Conjurations
 + Level 4.0 Fire Magic


You had 6 spell levels left.
You knew the following spells:

 Your Spells              Type           Power      Damage    Failure   Level
a - Foxfire               Conj/Fire      52%        2x1d6     4%          1
b - Conjure Flame         Conj/Fire      13%        6-21      13%         3

Your spell library contained the following spells:

 Spells                   Type           Power      Damage    Failure   Level
 Inner Flame              Hex/Fire       9%         N/A       24%         3
 Sticky Flame             Conj/Fire      13%        2d4       41%         4
 Fireball                 Conj/Fire      6%         3d5       77%         5


Dungeon Overview and Level Annotations

Branches:
Dungeon (4/15)
 Temple: D:4-7

Altars:


Innate Abilities, Weirdness & Mutations

Your plain brown scales are hard. (AC +5)
You cannot fit into any form of body armour.
You are cold-blooded and may be slowed by cold attacks.


Message History

The foxfire hits the ogre.
The ogre is lightly wounded.
The foxfire hits the ogre but does no damage.
The ogre is lightly wounded.
Casting: Foxfire (safe; 4% risk of failure)
Confirm with . or Enter, or press ? or * to list all spells.
You conjure some foxfire!
The foxfire hits the ogre.
The ogre is lightly wounded.
The foxfire hits the ogre.
The ogre is moderately wounded.
Casting: Foxfire (safe; 4% risk of failure)
Confirm with . or Enter, or press ? or * to list all spells.
You miscast Foxfire.
You are very lightly contaminated with residual magic.
Nothing appears to happen.
Casting: Foxfire (safe; 4% risk of failure)
Confirm with . or Enter, or press ? or * to list all spells.
You conjure some foxfire!
The ogre barely misses you.
The foxfire hits the ogre.
The ogre is moderately wounded.
The foxfire hits the ogre.
The ogre is heavily wounded.
The ogre barely misses you. The ogre closely misses you.
Casting: Foxfire (safe; 4% risk of failure)
Confirm with . or Enter, or press ? or * to list all spells.
You conjure some foxfire!
The foxfire hits the ogre.
The ogre is heavily wounded.
The foxfire hits the ogre.
The ogre is heavily wounded.
The ogre hits you with a +0 giant club!!
Your magical contamination has completely faded away.
Casting: Foxfire (safe; 4% risk of failure)
Confirm with . or Enter, or press ? or * to list all spells.
You conjure some foxfire!
The ogre hits you with a +0 giant club!!
Ouch! That really hurt!
You die...

#######################
#..............v.......
#.###########.O@.......
#.# #†v.§####.. #.#
.....#≈#
#.#......##....#≈≈≈
#.#......##.#.##≈≈#≈
##.#......##.#.#≈≈≈≈ ≈
.#.##..........≈≈#≈≈≈
.#.##..(..# ...≈# ≈≈≈#
.#.##.....# ....#≈


You could see an ogre (ally target).

Vanquished Creatures
  A hound (D:4)
  Crazy Yiuf (D:3)
  3 gnolls (D:2)
  5 adders
  A worm (D:3)
  2 dart slugs
  3 orcs
  8 bats
  3 endoplasms
  4 giant cockroaches
  7 goblins
  8 hobgoblins
  9 jackals
  3 quokkas
  4 ball pythons
  3 frilled lizards
  6 kobolds
  9 rats
80 creatures vanquished.

Vanquished Creatures (others)
  101 foxfires
101 creatures vanquished.

Grand Total: 181 creatures vanquished

Notes
Turn   | Place    | Note
-------+----------+-------------------------------------------
     0 | D:1      | Mesmaeker13 the Draconian Fire Elementalist began the quest
                  | for the Orb.
     0 | D:1      | Reached XP level 1. HP: 14/14 MP: 3/3
    83 | D:1      | Reached XP level 2. HP: 13/20 MP: 1/5
   730 | D:1      | Found a faded altar of an unknown god.
   934 | D:1      | Reached XP level 3. HP: 26/26 MP: 6/6
  1449 | D:2      | Learned a level 3 spell: Conjure Flame
  1956 | D:2      | Reached XP level 4. HP: 20/33 MP: 3/7
  3183 | D:3      | Reached XP level 5. HP: 38/38 MP: 9/9
  3303 | D:3      | Found a runed translucent door.
  3304 | D:3      | Noticed Crazy Yiuf
  3324 | D:3      | Killed Crazy Yiuf
  3544 | D:4      | Noticed an ogre
  3657 | D:4      | Reached skill level 4 in Fire Magic
  3759 | D:4      | Slain by an ogre

Illustrated notes

Levels and vault maps discovered:
D:1:      dpeg_arrival_central, layout_basic,
          hellmonk_ecumenical_altar_slurped_away
D:2:      layout_loops_ring, minivault_23
D:3:      layout_basic, minmay_ruptured, uniq_crazy_yiuf_cottage
D:4:      layout_basic, minivault_4, minmay_diced_spiral, uniq_natasha,
          uniq_ijyb

Skill      XL: |  1  2  3  4  5 |
---------------+----------------+-----
Dodging        | 2 3 |  3.1
Conjurations   | 2 |  2.9
Spellcasting   | 3 |  3.2
Fire Magic     | 4 |  4.0
Stealth        | |  1.7

Action                   |  1- 3 |  4- 6 || total
-------------------------+-------+-------++-------
Melee: Unarmed           |    10 |       ||    10
       Dagger            |    72 |    42 ||   114
       Tailslap          |     7 |     5 ||    12
 Cast: Foxfire           |    16 |    44 ||    60
       Conjure Flame     |     1 |       ||     1
  Use: Scroll            |       |     2 ||     2
 Stab: Sleeping          |     4 |     1 ||     5
Armor: Skin              |    22 |    17 ||    39
Dodge: Dodged            |    57 |    55 ||   112

Table legend: (Time is in decaauts)
 A = Elapsed time spent in this place.
 B = Non-inter-level travel time spent in this place.
 C = Inter-level travel time spent in this place.
 D = Time resting spent in this place.
 E = Time spent auto-exploring this place.
 F = Levels seen in this place.
 G = Mean time per level.
                   A        B        C        D        E       F      G
               +--------+--------+--------+--------+--------+-----+--------+
         Total |   3761 |   3534 |    227 |    362 |   2510 |   4 |  940.2 |
       Dungeon |   3761 |   3534 |    227 |    362 |   2510 |   4 |  940.2 |
               +--------+--------+--------+--------+--------+-----+--------+

Top non-repeatable levels by time:
     D:1: 1489 daAuts
     D:2: 1092 daAuts
     D:3: 913 daAuts
     D:4: 266 daAuts
